 Dungeon Crawl Stone Soup version 0.25-a0-577-ga4619f409e (webtiles) character file.

Game seed: 6309176713760041526, levelgen mode: deterministic

141 Flugslaktarn the Covered (level 5, -3/47 HPs)
             Began as a Minotaur Fighter on Mar 2, 2020.
             Slain by a gnoll
             ... wielding a +0 spear
              (8 damage)
             ... on level 4 of the Dungeon.
             The game lasted 00:00:35 (1121 turns).

Flugslaktarn the Covered (Minotaur Fighter)         Turns: 1121, Time: 00:00:35

Health: -3/47      AC:  7    Str: 21    XL:     5   Next: 3%
Magic:  4/4        EV:  7    Int:  5    God:
Gold:   72         SH:  9    Dex: 10    Spells: 4/4 levels left

rFire    . . .     SeeInvis .   a - +0 war axe
rCold    . . .     Gourm    .   c - +0 kite shield
rNeg     . . .     Faith    .   b - +0 scale mail
rPois    .         Spirit   .   (helmet restricted)
rElec    .         Reflect  .   (no cloak)
rCorr    .         Harm     .   (no gloves)
MR       .....                  (no boots)
Stlth    ..........             (no amulet)
HPRegen  0.15/turn              (no ring)
MPRegen  0.09/turn              (no ring)

@: no status effects
A: retaliatory headbutt, horns 2
a: no special abilities


You were on level 4 of the Dungeon.
You were not hungry.

You visited 1 branch of the dungeon, and saw 4 of its levels.

You collected 72 gold pieces.

Inventory:

Hand Weapons
 a - a +0 war axe (weapon)
Armour
 b - a +0 scale mail (worn)
 c - a +0 kite shield (worn)
Jewellery
 g - a cursed -6 ring of intelligence {unknown}
   (You found it on level 4 of the Dungeon)
Scrolls
 f - 2 scrolls of identify {unknown}
Potions
 d - a potion of might
 i - a potion of mutation {unknown}
Comestibles
 e - 2 rations
 h - 4 chunks of flesh


   Skills:
 + Level 4.4 Fighting
 * Level 4.4 Axes
 + Level 4.4 Armour
 + Level 4.4 Shields


You had 4 spell levels left.
You didn't know any spells.
Your spell library was empty.

Dungeon Overview and Level Annotations

Branches:
Dungeon (4/15)
 Temple: D:4-7

Altars:


Innate Abilities, Weirdness & Mutations

You reflexively headbutt those who attack you in melee.
You have a pair of horns on your head.


Message History

* * * LOW HITPOINT WARNING * * *
You are too injured to fight recklessly!
You are too injured to fight recklessly!
You are too injured to fight recklessly!
You are too injured to fight recklessly!
You are too injured to fight recklessly!
You are too injured to fight recklessly!
You are too injured to fight recklessly!
You are too injured to fight recklessly!
You are too injured to fight recklessly!
You are too injured to fight recklessly!
You are too injured to fight recklessly!
You hit the iguana. You headbutt the iguana.
The iguana is almost dead.
The gnoll hits you but does no damage. You block the iguana's attack.
You hit the iguana.
You kill the iguana!
You have reached level 5!
The gnoll hits you from afar with a +0 spear!
You die...

# ..#.#.... ##.
#........ ..
#...###.....# .## #
......#).#..# ..##.#
..##..))#..#####.....
#.#.....).......#..#
#........#....$....#
.............<.....#
...............@...#
................)†..#
.....###.........g...#
....# #..#........#..#
#...####..##.Z......###
.........###..........
..........##...#...#..#
..#...........###......
#............... ...


You could see a gnoll and a leopard gecko skeleton.

Vanquished Creatures
  An iguana (D:4)
  2 gnolls (D:4)
  4 adders
  2 oozes
  2 worms
  2 leopard geckos
  9 orcs
  2 giant cockroaches
  2 goblins
  2 hobgoblins
  3 jackals (D:3)
  A bat (D:1)
  3 frilled lizards
  5 kobolds
  A rat (D:2)
41 creatures vanquished.

Notes
Turn   | Place    | Note
-------+----------+-------------------------------------------
     0 | D:1      | Flugslaktarn the Minotaur Fighter began the quest for the
                  | Orb.
     0 | D:1      | Reached XP level 1. HP: 19/19 MP: 0/0
   143 | D:2      | Reached XP level 2. HP: 14/27 MP: 1/1
   457 | D:2      | Reached XP level 3. HP: 33/33 MP: 2/2
   659 | D:3      | Reached XP level 4. HP: 8/40 MP: 3/3
  1121 | D:4      | Reached XP level 5. HP: 5/47 MP: 4/4
  1121 | D:4      | Slain by a gnoll

Levels and vault maps discovered:
D:1:      shiori_angband_town, layout_basic
D:2:      kennysheep_the_goblin_king, layout_rooms
D:3:      layout_basic, fedhas_ov_isle_minmay
D:4:      layout_layer_cave, nicolae_overflow_hidden_temple,
          hangedman_decor_peaks_small

Skill      XL: |  1  2  3  4 |
---------------+-------------+-----
Axes           | 3 4 |  4.4
Fighting       | 4 |  4.4
Armour         | 4 |  4.4
Shields        | 4 |  4.4

Action                   |  1- 3 |  4- 6 || total
-------------------------+-------+-------++-------
Melee: War axe           |    55 |    36 ||    91
       Headbutt          |     7 |     6 ||    13
  Eat: Chunk             |       |     1 ||     1
Armor: Scale mail        |    26 |    13 ||    39
Dodge: Dodged            |    20 |    12 ||    32
Block: Kite shield       |    41 |    21 ||    62

Table legend:
 A = Non-vault XP
 B = Vault XP
 C = Vault XP percentage of total XP
 D = Non-vault monster count
 E = Vault monster count
 F = Vault count percentage of total count
                 A         B        C        D         E       F
            +---------+---------+-------+---------+---------+-------
      Total |     202 |       0 |   0.0 |      41 |       0 |   0.0
            +---------+---------+-------+---------+---------+-------
        D:1 |       9 |       0 |   0.0 |       7 |       0 |   0.0
        D:2 |      56 |       0 |   0.0 |       8 |       0 |   0.0
        D:3 |      41 |       0 |   0.0 |      13 |       0 |   0.0
        D:4 |      96 |       0 |   0.0 |      13 |       0 |   0.0
            +---------+---------+-------+---------+---------+-------
